 Dungeon Crawl Stone Soup version 0.29.0-4-gdea44cf6ec (webtiles) character file.

Game seed: 18154787001483484659

24150 qw the Brawler (level 12, -4/119 HPs)
             Began as a Troll Cinder Acolyte on Aug 31, 2022.
             Was an Initiate of Ignis.
             Slain by an eight-headed hydra (13 damage)
             ... on level 4 of the Lair of Beasts.
             The game lasted 00:06:56 (12506 turns).

qw the Brawler (Troll Cinder Acolyte)              Turns: 12506, Time: 00:06:57

Health: -4/119     AC: 12    Str: 35    XL:     12   Next: 78%
Magic:  12/12      EV:  9    Int: 10    God:    Ignis [......]
Gold:   687        SH:  5    Dex:  5    Spells: 13/13 levels left

rFire   + . .      SeeInvis +     - Unarmed
rCold   + . .      Faith    .   (no shield)
rNeg    . . .      Spirit   .   m - +4 acid dragon scales
rPois   +          Reflect  +   (helmet restricted)
rElec   .          Harm     .   p - scarf {repulsion}
rCorr   +          Rampage  .   (gloves unavailable)
Will    .....                   (boots unavailable)
Stlth   ..........              h - amulet of reflection
HPRegen 1.09/turn               k - ring of protection from cold
MPRegen 0.13/turn               e - +6 ring of strength

@: about to teleport, repel missiles
A: large, unfitting armour, claws 3, regeneration 1, shaggy fur 1, tough skin 1,
see invisible, mutation resistance 1, poison resistance
a: Renounce Religion, Rising Flame


You were on level 4 of the Lair of Beasts.
You worshipped Ignis.
Ignis was noncommittal.
You visited 3 branches of the dungeon, and saw 14 of its levels.
You also visited: Ossuary.

You collected 1161 gold pieces.
You spent 474 gold pieces at shops.


Innate Abilities, Weirdness & Mutations

You are too large for most types of armour.
You have claws for hands.
Your natural rate of healing is unusually fast.
You are covered in fur. (AC +1)
You have tough skin. (AC +1)
You have supernaturally acute eyesight. (SInv)
You are somewhat resistant to further mutation.
Your system is resistant to poisons. (rPois)


   Skills:
 - Level 8.0 Fighting
 - Level 2.1 Throwing
 - Level 3.3 Armour
 - Level 2.1 Dodging
 + Level 18.7 Unarmed Combat
 - Level 1.0 Spellcasting
 - Level 2.1 Fire Magic


You had 13 spell levels left.
You didn't know any spells.
Your spell library contained the following spells:

 Spells                   Type           Power      Damage    Failure   Level
 Scorch                   Fire           8%         2d5       24%         2

Inventory:

Armour
 i - a +2 cloak
 m - +4 acid dragon scales (worn)
 p - a scarf of repulsion (worn)
Jewellery
 e - a +6 ring of strength (right claw)
 h - an amulet of reflection (around neck)
 k - a ring of protection from cold (left claw)
Scrolls
 d - 8 scrolls of teleportation
 g - 4 scrolls of identify
 s - a scroll of enchant weapon
Potions
 b - 3 potions of haste
 c - 11 potions of curing
 f - 2 potions of mutation
 l - 2 potions of cancellation
 n - 2 potions of resistance
 o - 3 potions of might
 q - 2 potions of heal wounds

Dungeon Overview and Level Annotations

Branches:
Dungeon (8/15)             Temple (1/1) D:7            Lair (5/5) D:8
  Swamp (0/4) Lair:2       Spider (0/4) Lair:2        Slime (0/5) Lair:4
Ossuary (visited)

Altars:
Cheibriados
Dithmenos
Fedhas
Gozag
Hepliaklqana
Makhleb
Nemelex Xobeh
Sif Muna
Trog
Vehumet
Wu Jian
Yredelemnul
Zin
The Shining One
Jiyva

Shops:
D:8 [**[

Annotations:
D:5 1 runed translucent door, Crazy Yiuf
D:6 3 runed translucent doors, qw's ghost, amateur TeWr; qw's ghost, novice TrCA


Message History

The eight-headed hydra barely misses you.
You block the eight-headed hydra's attack.
The eight-headed hydra bites you but does no damage.
The eight-headed hydra bites you.
The eight-headed hydra closely misses you.
You climb upwards.
There is a stone staircase leading down, spattered with blood here.
12503 ||| Stepping ~*~*~tactically~*~*~ (outnumbered).
The yak attacks as you move away! You block the yak's attack.
The eight-headed hydra attacks as you move away!
The eight-headed hydra bites you! x3; The eight-headed hydra bites you.
The eight-headed hydra barely misses you.
The eight-headed hydra bites you but does no damage.
The eight-headed hydra bites you.
The eight-headed hydra bites you but does no damage.
12504 ||| Stepping ~*~*~tactically~*~*~ (outnumbered).
The eight-headed hydra attacks as you move away!
The eight-headed hydra bites you!
The eight-headed hydra bites you but does no damage.
The eight-headed hydra bites you.
You block the eight-headed hydra's attack.
The eight-headed hydra bites you! The eight-headed hydra bites you.
The eight-headed hydra bites you but does no damage.
The eight-headed hydra bites you!
12505 ||| READING 9 scrolls of teleportation.
As you read the scroll of teleportation, it crumbles to dust.
You feel strangely unstable. The yak gores you.
The eight-headed hydra bites you but does no damage.
The eight-headed hydra bites you. The eight-headed hydra bites you!
You block the eight-headed hydra's attack.
The eight-headed hydra bites you.
The eight-headed hydra bites you but does no damage. x3
12506 ||| DRINKING 3 potions of heal wounds.
You feel much better. You block the yak's attack.
The eight-headed hydra bites you!
You block the eight-headed hydra's attack. x2
The eight-headed hydra bites you but does no damage.
The eight-headed hydra bites you!
You die...

#...................
#...................
#...................
#...................
###...................
#.....................
##.>..............%...
##..D................
###.Y@................
#..#.##.###..P###P#.#.
######.## ##### ######
###


You could see an eight-headed hydra and a yak.

Vanquished Creatures
  Snorg (Lair:4)
  2 hydras
  A boulder beetle (Lair:3)
  A skeletal warrior (D:8)
  Pikel (D:4)
  2 black mambas
  5 elephants (Lair:4)
  6 cane toads
  2 torpor snails
  4 komodo dragons
  Psyche (D:8)
  A rime drake (Lair:1)
  A spectral unseen horror (D:8)
  2 polar bears (Lair:1)
  A hornet (Lair:4)
  A tyrant leech (Lair:2)
  7 dream sheep
  5 blink frogs (Lair:2)
  2 jumping spiders (Lair:2)
  2 wyverns
  28 yaks
  2 wraiths
  An acid dragon (D:8)
  3 swamp worms (Lair:2)
  13 water moccasins
  A sky beast (D:7)
  3 orc warriors (D:8)
  A black bear (D:7)
  An ogre (D:5)
  4 wolves (Lair:4)
  A centaur (D:3)
  A phantom (D:3)
  Blork the orc (D:6)
  2 kobold brigands (D:7)
  2 necrophages
  14 bullfrogs
  3 scorpions (D:8)
  5 wights (D:7)
  9 killer bees (D:7)
  6 electric eels
  An oklob sapling (D:7)
  2 howler monkeys
  5 hounds
  2 jellies
  6 orc priests
  5 iguanas
  Jessica (D:2)
  3 gnoll boudas
  5 orc wizards
  8 mummies (Ossuary)
  A spectral howler monkey (D:8)
  A killer bee simulacrum (D:8)
  13 gnolls
  6 adders
  A white imp (D:7)
  A howler monkey simulacrum (D:8)
  2 ufetubi
  3 worms (D:3)
  2 dart slugs (D:1)
  23 orcs
  5 ball pythons
  2 bats
  3 endoplasms
  A giant cockroach (D:1)
  4 gnoll zombies (Ossuary)
  7 hobgoblins
  6 jackals
  17 kobolds
  3 quokkas
  2 frilled lizards
  6 goblins
  A kobold zombie (Ossuary)
  3 orc zombies (Ossuary)
  7 rats
307 creatures vanquished.

Vanquished Creatures (others)
  14 fungi
  30 plants
  15 withered plants (D:8)
59 creatures vanquished.

Grand Total: 366 creatures vanquished

Notes
Turn   | Place    | Note
-------+----------+-------------------------------------------
     0 | D:1      | qw the Troll Cinder Acolyte began the quest for the Orb.
     0 | D:1      | Reached XP level 1. HP: 22/22 MP: 1/1
     0 | D:1      | 0 ||| qw: Version: 0.1-a-97-g2dd2ca4
     0 | D:1      | 0 ||| qw: Game counter: 4579
     0 | D:1      | 0 ||| qw: Always use a shield: true
     0 | D:1      | 0 ||| qw: God list: Okawaru
     0 | D:1      | 0 ||| qw: Allow faded altars: false
     0 | D:1      | 0 ||| qw: Do Orc after D:15 true
     0 | D:1      | 0 ||| qw: Do second Lair branch before Depths: true
     0 | D:1      | 0 ||| qw: Lair rune preference: random
     0 | D:1      | 0 ||| qw: Plans: Normal
     0 | D:1      | 0 ||| PLANNING D:1-11
   132 | D:1      | Reached XP level 2. HP: 29/29 MP: 2/2
   566 | D:1      | Reached skill level 4 in Unarmed Combat
   829 | D:1      | 829 ||| READING 2 scrolls labelled QIH YREUGAUMN.
   834 | D:1      | 834 ||| READING 2 scrolls labelled IPPANN LISIEGREPIS.
   835 | D:1      | 835 ||| READING 2 scrolls labelled DEFALU TAUDGHAUB.
   836 | D:1      | 836 ||| DRINKING 2 fizzy white potions.
   836 | D:1      | Gained mutation: Your system is resistant to poisons.
                  | (rPois) [potion of mutation]
   836 | D:1      | Gained mutation: You are somewhat resistant to further
                  | mutation. [potion of mutation]
   836 | D:1      | Gained mutation: You have supernaturally acute eyesight.
                  | (SInv) [potion of mutation]
   837 | D:1      | 837 ||| DRINKING 2 emerald potions.
   838 | D:1      | 838 ||| DROPPING potion of magic.
   892 | D:2      | Reached XP level 3. HP: 36/36 MP: 3/3
   980 | D:2      | 980 ||| Stepping ~*~*~tactically~*~*~ (stealth).
   981 | D:2      | 981 ||| Stepping ~*~*~tactically~*~*~ (stealth).
   988 | D:2      | 988 ||| Stepping ~*~*~tactically~*~*~ (outnumbered).
   989 | D:2      | 989 ||| Stepping ~*~*~tactically~*~*~ (outnumbered).
   990 | D:2      | 990 ||| Stepping ~*~*~tactically~*~*~ (outnumbered).
   993 | D:2      | 993 ||| Stepping ~*~*~tactically~*~*~ (outnumbered).
   994 | D:2      | 994 ||| Stepping ~*~*~tactically~*~*~ (outnumbered).
   995 | D:2      | 995 ||| Stepping ~*~*~tactically~*~*~ (outnumbered).
  1035 | D:2      | Identified the +1 ring mail of Neblet {+Inv Str+4}
  1291 | D:2      | Noticed Jessica
  1296 | D:2      | Killed Jessica
  1297 | D:2      | Reached skill level 5 in Unarmed Combat
  1297 | D:2      | Reached XP level 4. HP: 39/44 MP: 4/4
  1423 | D:2      | 1423 ||| UPGRADING to amulet of reflection.
  1428 | D:2      | 1428 ||| UPGRADING to ring of protection from cold.
  1429 | D:2      | 1429 ||| READING 2 scrolls labelled JIUL BOUNGOSIOKKUSM.
  1430 | D:2      | 1430 ||| READING 3 scrolls of identify.
  1430 | D:2      | 1430 ||| IDENTIFYING fuming pink potion
  1431 | D:2      | 1431 ||| READING 2 scrolls of identify.
  1431 | D:2      | 1431 ||| IDENTIFYING sapphire potion
  1432 | D:2      | 1432 ||| DROPPING scroll of immolation.
  1504 | D:3      | Noticed a centaur
  1505 | D:3      | 1505 ||| Stepping ~*~*~tactically~*~*~ (hiding).
  1510 | D:3      | Killed a centaur
  1511 | D:3      | Reached skill level 6 in Unarmed Combat
  1511 | D:3      | Reached XP level 5. HP: 40/50 MP: 5/5
  1512 | D:3      | 1512 ||| FLEEEEING.
  1532 | D:3      | 1532 ||| Stepping ~*~*~tactically~*~*~ (stealth).
  1546 | D:3      | 1546 ||| Stepping ~*~*~tactically~*~*~ (hiding).
  1552 | D:3      | 1552 ||| INVOKING Fiery Armour.
  1567 | D:3      | Reached XP level 6. HP: 59/59 MP: 6/6
  1572 | D:3      | 1572 ||| Stepping ~*~*~tactically~*~*~ (stealth).
  1573 | D:3      | 1573 ||| Stepping ~*~*~tactically~*~*~ (stealth).
  1716 | D:3      | 1716 ||| Stepping ~*~*~tactically~*~*~ (outnumbered).
  1717 | D:3      | 1717 ||| Stepping ~*~*~tactically~*~*~ (outnumbered).
  1723 | D:3      | 1723 ||| Stepping ~*~*~tactically~*~*~ (outnumbered).
  1742 | D:3      | Reached skill level 7 in Unarmed Combat
  1852 | D:3      | 1852 ||| Stepping ~*~*~tactically~*~*~ (outnumbered).
  1871 | D:3      | 1871 ||| READING scroll labelled ESOLUX HES.
  1872 | D:3      | 1872 ||| READING scroll labelled KIBUAN TUSMICHA.
  2045 | D:4      | 2045 ||| Stepping ~*~*~tactically~*~*~ (hiding).
  2046 | D:4      | 2046 ||| Stepping ~*~*~tactically~*~*~ (hiding).
  2065 | D:4      | 2065 ||| Stepping ~*~*~tactically~*~*~ (stealth).
  2066 | D:4      | 2066 ||| Stepping ~*~*~tactically~*~*~ (stealth).
  2067 | D:4      | 2067 ||| Stepping ~*~*~tactically~*~*~ (stealth).
  2069 | D:4      | 2069 ||| Stepping ~*~*~tactically~*~*~ (hiding).
  2098 | D:4      | 2098 ||| Stepping ~*~*~tactically~*~*~ (stealth).
  2102 | D:4      | 2102 ||| Stepping ~*~*~tactically~*~*~ (stealth).
  2103 | D:4      | 2103 ||| Stepping ~*~*~tactically~*~*~ (stealth).
  2105 | D:4      | 2105 ||| Stepping ~*~*~tactically~*~*~ (stealth).
  2106 | D:4      | 2106 ||| Stepping ~*~*~tactically~*~*~ (stealth).
  2521 | D:4      | 2521 ||| Stepping ~*~*~tactically~*~*~ (stealth).
  2527 | D:4      | 2527 ||| Stepping ~*~*~tactically~*~*~ (stealth).
  2532 | D:4      | Reached skill level 8 in Unarmed Combat
  2684 | D:4      | Reached XP level 7. HP: 66/66 MP: 7/7
  2913 | D:4      | Noticed Pikel
  2913 | D:4      | 2913 ||| Stepping ~*~*~tactically~*~*~ (stealth).
  2920 | D:4      | 2920 ||| Stepping ~*~*~tactically~*~*~ (outnumbered).
  2921 | D:4      | 2921 ||| Stepping ~*~*~tactically~*~*~ (outnumbered).
  2922 | D:4      | 2922 ||| Stepping ~*~*~tactically~*~*~ (outnumbered).
  2923 | D:4      | 2923 ||| Stepping ~*~*~tactically~*~*~ (outnumbered).
  2927 | D:4      | 2927 ||| INVOKING Fiery Armour.
  2928 | D:4      | Killed Pikel
  3235 | D:4      | 3235 ||| READING scroll labelled SISESIROELA.
  3236 | D:4      | 3236 ||| READING scroll labelled ISCHYL IDIYXKE.
  3237 | D:4      | 3237 ||| DRINKING 4 amethyst potions.
  3238 | D:4      | 3238 ||| DRINKING 2 glowing cyan potions.
  3239 | D:4      | 3239 ||| DRINKING 3 metallic orange potions.
  3240 | D:4      | 3240 ||| READING 3 scrolls of identify.
  3240 | D:4      | 3240 ||| IDENTIFYING yellow potion
  3241 | D:4      | 3241 ||| DROPPING potion of berserk rage.
  3242 | D:4      | 3242 ||| DROPPING 3 potions of attraction.
  3243 | D:4      | 3243 ||| DROPPING potion of flight.
  3294 | D:5      | Entered Level 5 of the Dungeon
  3312 | D:5      | Reached XP level 8. HP: 70/80 MP: 8/8
  3527 | D:5      | 3527 ||| Stepping ~*~*~tactically~*~*~ (outnumbered).
  3539 | D:5      | 3539 ||| INVOKING Fiery Armour.
  3539 | D:5      | HP: 18/80 [gnoll/+0 halberd[a gnoll bouda] (10)]
  3540 | D:5      | 3540 ||| READING 2 scrolls of teleportation.
  3541 | D:5      | 3541 ||| DRINKING 2 potions of heal wounds.
  3606 | D:5      | 3606 ||| Stepping ~*~*~tactically~*~*~ (stealth).
  3609 | D:5      | 3609 ||| Stepping ~*~*~tactically~*~*~ (stealth).
  3631 | D:5      | 3631 ||| Stepping ~*~*~tactically~*~*~ (stealth).
  4080 | D:5      | Identified the +3 leather armour of Midnight {rPois Will+
                  | Str-5}
  4252 | D:5      | Found a runed translucent door.
  4253 | D:5      | Noticed Crazy Yiuf
  4511 | D:5      | 4511 ||| UPGRADING to +0 cloak.
  4516 | D:5      | 4516 ||| READING 4 scrolls of enchant armour.
  4516 | D:5      | 4516 ||| ENCHANTING +0 cloak.
  4517 | D:5      | 4517 ||| READING 3 scrolls of enchant armour.
  4517 | D:5      | 4517 ||| ENCHANTING +1 cloak.
  4518 | D:5      | 4518 ||| UPGRADING to +6 ring of strength.
  4562 | D:6      | Found a runed translucent gate.
  4565 | D:6      | Found a runed translucent gate.
  4581 | D:6      | Reached skill level 9 in Unarmed Combat
  4608 | D:6      | Reached skill level 1 in Dodging
  4615 | D:6      | Found a runed translucent gate.
  4761 | D:6      | Noticed Blork the orc
  4764 | D:6      | Killed Blork the orc
  4832 | D:6      | 4832 ||| Stepping ~*~*~tactically~*~*~ (stealth).
  4834 | D:6      | 4834 ||| Stepping ~*~*~tactically~*~*~ (stealth).
  4840 | D:6      | Reached skill level 10 in Unarmed Combat
  5106 | D:6      | Noticed qw's ghost (novice TrCA)
  5107 | D:6      | Noticed qw's ghost (amateur TeWr)
  5108 | D:6      | Noticed qw's ghost (novice TrCA)
  5112 | D:6      | 5112 ||| DROPPING amulet of regeneration.
  5113 | D:6      | 5113 ||| READING scroll labelled TUEGAM FIG SIN.
  5214 | D:6      | 5214 ||| READING 5 scrolls of identify.
  5214 | D:6      | 5214 ||| IDENTIFYING fuming dark potion
  5215 | D:6      | 5215 ||| DROPPING potion of lignification.
  5244 | D:7      | 5244 ||| PLANNING OSSUARY
  5246 | D:7      | Identified the +12 hand axe "Uxofrurama" {flame, Fragile
                  | Str+4}
  5276 | D:7      | 5276 ||| Stepping ~*~*~tactically~*~*~ (stealth).
  5286 | D:7      | 5286 ||| Stepping ~*~*~tactically~*~*~ (outnumbered).
  5378 | D:7      | Found a sand-covered staircase.
  5381 | D:7      | 5381 ||| Stepping ~*~*~tactically~*~*~ (stealth).
  5384 | D:7      | Reached XP level 9. HP: 79/88 MP: 9/9
  5407 | D:7      | 5407 ||| INVOKING Fiery Armour.
  5412 | D:7      | 5412 ||| Stepping ~*~*~tactically~*~*~ (outnumbered).
  5479 | Ossuary  | Entered an ossuary
  5488 | Ossuary  | 5488 ||| Stepping ~*~*~tactically~*~*~ (outnumbered).
  5489 | Ossuary  | 5489 ||| Stepping ~*~*~tactically~*~*~ (outnumbered).
  5493 | Ossuary  | Reached skill level 11 in Unarmed Combat
  5512 | Ossuary  | 5512 ||| Stepping ~*~*~tactically~*~*~ (outnumbered).
  5514 | Ossuary  | 5514 ||| Stepping ~*~*~tactically~*~*~ (outnumbered).
  5518 | Ossuary  | 5518 ||| Stepping ~*~*~tactically~*~*~ (outnumbered).
  5520 | Ossuary  | 5520 ||| Stepping ~*~*~tactically~*~*~ (outnumbered).
  5537 | Ossuary  | 5537 ||| Stepping ~*~*~tactically~*~*~ (outnumbered).
  5539 | Ossuary  | 5539 ||| Stepping ~*~*~tactically~*~*~ (outnumbered).
  5541 | Ossuary  | 5541 ||| Stepping ~*~*~tactically~*~*~ (outnumbered).
  5542 | Ossuary  | 5542 ||| Stepping ~*~*~tactically~*~*~ (outnumbered).
  5544 | Ossuary  | 5544 ||| Stepping ~*~*~tactically~*~*~ (outnumbered).
  5546 | Ossuary  | 5546 ||| Stepping ~*~*~tactically~*~*~ (outnumbered).
  5547 | Ossuary  | 5547 ||| Stepping ~*~*~tactically~*~*~ (outnumbered).
  5549 | Ossuary  | 5549 ||| Stepping ~*~*~tactically~*~*~ (outnumbered).
  5551 | Ossuary  | 5551 ||| Stepping ~*~*~tactically~*~*~ (outnumbered).
  5717 | Ossuary  | 5717 ||| READING scroll labelled JABYCZ ZICO.
  5718 | Ossuary  | 5718 ||| READING scroll labelled APISIYZELEF.
  5719 | Ossuary  | 5719 ||| READING scroll labelled YLASOI JOIRED.
  5720 | Ossuary  | 5720 ||| DRINKING 2 grey potions.
  5721 | Ossuary  | 5721 ||| READING 4 scrolls of identify.
  5721 | Ossuary  | 5721 ||| IDENTIFYING fizzy dark potion
  5722 | Ossuary  | 5722 ||| DROPPING potion of degeneration.
  5747 | D:7      | 5747 ||| PLANNING D:1-11
  5751 | D:7      | Found a staircase to the Ecumenical Temple.
  5776 | D:7      | 5776 ||| Stepping ~*~*~tactically~*~*~ (stealth).
  5783 | D:7      | 5783 ||| INVOKING Fiery Armour.
  5920 | D:7      | 5920 ||| Stepping ~*~*~tactically~*~*~ (stealth).
  6084 | D:7      | 6084 ||| Stepping ~*~*~tactically~*~*~ (stealth).
  6086 | D:7      | 6086 ||| Stepping ~*~*~tactically~*~*~ (hiding).
  6306 | D:7      | Reached skill level 12 in Unarmed Combat
  6328 | D:7      | 6328 ||| Stepping ~*~*~tactically~*~*~ (stealth).
  6477 | D:7      | 6477 ||| DROPPING amulet of guardian spirit.
  6478 | D:7      | 6478 ||| READING 3 scrolls of identify.
  6478 | D:7      | 6478 ||| IDENTIFYING white potion
  6479 | D:7      | 6479 ||| READING 2 scrolls of identify.
  6479 | D:7      | 6479 ||| IDENTIFYING glowing yellow potion
  6527 | D:8      | Noticed Psyche
  6528 | D:8      | 6528 ||| DRINKING 12 potions of curing.
  6528 | D:8      | 6528 ||| (to cure confusion)
  6535 | D:8      | Killed Psyche
  6701 | D:8      | 6701 ||| Stepping ~*~*~tactically~*~*~ (outnumbered).
  6727 | D:8      | 6727 ||| Stepping ~*~*~tactically~*~*~ (hiding).
  6731 | D:8      | 6731 ||| Stepping ~*~*~tactically~*~*~ (hiding).
  6732 | D:8      | 6732 ||| Stepping ~*~*~tactically~*~*~ (hiding).
  6734 | D:8      | 6734 ||| Stepping ~*~*~tactically~*~*~ (hiding).
  6868 | D:8      | 6868 ||| FLEEEEING.
  6869 | D:8      | 6869 ||| FLEEEEING.
  6870 | D:8      | 6870 ||| FLEEEEING.
  6871 | D:8      | 6871 ||| FLEEEEING.
  6872 | D:8      | 6872 ||| FLEEEEING.
  6873 | D:8      | 6873 ||| FLEEEEING.
  6903 | D:8      | 6903 ||| FLEEEEING.
  6904 | D:8      | 6904 ||| FLEEEEING.
  6918 | D:8      | Reached skill level 13 in Unarmed Combat
  6975 | D:8      | 6975 ||| INVOKING Fiery Armour.
  6982 | D:8      | Reached skill level 1 in Armour
  6982 | D:8      | 6982 ||| Stepping ~*~*~tactically~*~*~ (outnumbered).
  6983 | D:8      | 6983 ||| Stepping ~*~*~tactically~*~*~ (outnumbered).
  6987 | D:8      | 6987 ||| Stepping ~*~*~tactically~*~*~ (outnumbered).
  7012 | D:8      | 7012 ||| Stepping ~*~*~tactically~*~*~ (stealth).
  7018 | D:8      | 7018 ||| Stepping ~*~*~tactically~*~*~ (outnumbered).
  7029 | D:8      | Reached XP level 10. HP: 28/96 MP: 10/10
  7033 | D:8      | 7033 ||| Stepping ~*~*~tactically~*~*~ (hiding).
  7037 | D:8      | HP: 22/96 [spectral unseen horror (6)]
  7038 | D:8      | 7038 ||| READING 5 scrolls of teleportation.
  7039 | D:8      | 7039 ||| DRINKING potion of heal wounds.
  7110 | D:8      | 7110 ||| FLEEEEING.
  7111 | D:8      | 7111 ||| FLEEEEING.
  7113 | D:8      | 7113 ||| FLEEEEING.
  7114 | D:8      | 7114 ||| FLEEEEING.
  7117 | D:8      | 7117 ||| FLEEEEING.
  7118 | D:8      | 7118 ||| FLEEEEING.
  7119 | D:8      | 7119 ||| FLEEEEING.
  7120 | D:8      | 7120 ||| FLEEEEING.
  7121 | D:8      | 7121 ||| FLEEEEING.
  7124 | D:8      | 7124 ||| FLEEEEING.
  7127 | D:8      | 7127 ||| FLEEEEING.
  7130 | D:8      | 7130 ||| STAIRDANCE
  7171 | D:8      | 7171 ||| STAIRDANCE
  7185 | D:8      | 7185 ||| STAIRDANCE
  7367 | D:8      | Found Noyzuorph's General Store.
  7371 | D:8      | Found Oroiry's Armour Shop.
  7373 | D:8      | Found Vippufry's Assorted Antiques.
  7374 | D:8      | Found Myfou's Armour Shop.
  7377 | D:8      | 7377 ||| BUYING scroll of identify (28 gold).
  7377 | D:8      | Bought a scroll of identify for 28 gold pieces
  7383 | D:8      | 7383 ||| BUYING +3 robe of Clouds {*Thunder rCloud rElec}
                  | (386 gold).
  7383 | D:8      | Bought the +3 robe of Clouds {*Thunder rCloud rElec} for
                  | 386 gold pieces
  7383 | D:8      | Found the +3 robe of Clouds {*Thunder rCloud rElec}
  7386 | D:8      | 7386 ||| BUYING scroll of identify (60 gold).
  7386 | D:8      | Bought a scroll of identify for 60 gold pieces
  7478 | D:8      | Reached skill level 14 in Unarmed Combat
  7561 | D:8      | 7561 ||| FLEEEEING.
  7562 | D:8      | 7562 ||| FLEEEEING.
  7563 | D:8      | 7563 ||| FLEEEEING.
  7564 | D:8      | 7564 ||| FLEEEEING.
  7565 | D:8      | 7565 ||| FLEEEEING.
  7566 | D:8      | 7566 ||| INVOKING Fiery Armour.
  7717 | D:8      | Found a staircase to the Lair.
  7810 | D:8      | Noticed a skeletal warrior
  7825 | D:8      | 7825 ||| INVOKING Fiery Armour.
  7829 | D:8      | Killed a skeletal warrior
  7830 | D:8      | Reached skill level 6 in Fighting
  7905 | D:8      | Found the +4 dagger "Morg" {pain, Will+ Int+5}
  8021 | D:8      | 8021 ||| Stepping ~*~*~tactically~*~*~ (outnumbered).
  8022 | D:8      | 8022 ||| Stepping ~*~*~tactically~*~*~ (outnumbered).
  8023 | D:8      | 8023 ||| Stepping ~*~*~tactically~*~*~ (outnumbered).
  8024 | D:8      | 8024 ||| Stepping ~*~*~tactically~*~*~ (outnumbered).
  8025 | D:8      | 8025 ||| Stepping ~*~*~tactically~*~*~ (outnumbered).
  8026 | D:8      | 8026 ||| Stepping ~*~*~tactically~*~*~ (outnumbered).
  8027 | D:8      | 8027 ||| Stepping ~*~*~tactically~*~*~ (outnumbered).
  8028 | D:8      | 8028 ||| Stepping ~*~*~tactically~*~*~ (outnumbered).
  8029 | D:8      | 8029 ||| Stepping ~*~*~tactically~*~*~ (outnumbered).
  8030 | D:8      | 8030 ||| Stepping ~*~*~tactically~*~*~ (outnumbered).
  8036 | D:8      | 8036 ||| Stepping ~*~*~tactically~*~*~ (outnumbered).
  8121 | D:8      | Reached skill level 15 in Unarmed Combat
  8202 | D:8      | 8202 ||| PLANNING LAIR
  8202 | D:8      | 8202 ||| UPGRADING to +0 acid dragon scales.
  8212 | D:8      | 8212 ||| DROPPING +0 robe.
  8213 | D:8      | 8213 ||| READING 3 scrolls of enchant armour.
  8213 | D:8      | 8213 ||| ENCHANTING +0 acid dragon scales.
  8214 | D:8      | 8214 ||| DROPPING +3 robe of Clouds {*Thunder rCloud
                  | rElec}.
  8215 | D:8      | 8215 ||| READING 2 scrolls of enchant armour.
  8215 | D:8      | 8215 ||| ENCHANTING +1 acid dragon scales.
  8216 | D:8      | 8216 ||| READING scroll of enchant armour.
  8216 | D:8      | 8216 ||| ENCHANTING +2 acid dragon scales.
  8232 | Lair:1   | Entered Level 1 of the Lair of Beasts
  8234 | Lair:1   | Noticed a black mamba
  8235 | Lair:1   | 8235 ||| Stepping ~*~*~tactically~*~*~ (stealth).
  8241 | Lair:1   | Killed a black mamba
  8242 | Lair:1   | Reached XP level 11. HP: 105/105 MP: 11/11
  8299 | Lair:1   | 8299 ||| READING scroll of enchant armour.
  8299 | Lair:1   | 8299 ||| ENCHANTING +3 acid dragon scales.
  8434 | Lair:1   | Reached skill level 3 in Armour
  8483 | Lair:1   | You fall into a shaft and drop 1 floor!
  8489 | Lair:2   | 8489 ||| Stepping ~*~*~tactically~*~*~ (stealth).
  8491 | Lair:2   | 8491 ||| Stepping ~*~*~tactically~*~*~ (hiding).
  8499 | Lair:2   | 8499 ||| INVOKING Fiery Armour.
  8504 | Lair:2   | 8504 ||| Stepping ~*~*~tactically~*~*~ (outnumbered).
  8554 | Lair:2   | Found a staircase to the Swamp.
  8556 | Lair:2   | 8556 ||| Stepping ~*~*~tactically~*~*~ (stealth).
  8558 | Lair:2   | 8558 ||| Stepping ~*~*~tactically~*~*~ (hiding).
  8560 | Lair:2   | 8560 ||| Stepping ~*~*~tactically~*~*~ (hiding).
  8613 | Lair:2   | 8613 ||| Stepping ~*~*~tactically~*~*~ (stealth).
  8664 | Lair:2   | 8664 ||| STAIRDANCE
  8805 | Lair:1   | Reached skill level 16 in Unarmed Combat
  8895 | Lair:1   | 8895 ||| Stepping ~*~*~tactically~*~*~ (hiding).
  9170 | Lair:1   | 9170 ||| READING 4 scrolls of identify.
  9170 | Lair:1   | 9170 ||| IDENTIFYING fizzy grey potion
  9171 | Lair:1   | 9171 ||| DROPPING potion of brilliance.
  9189 | Lair:2   | 9189 ||| STAIRDANCE
  9234 | Lair:2   | Identified the +4 war axe "Plog" {freeze, rPois Will+ Str+2
                  | Dex+2}
  9337 | Lair:2   | Reached skill level 1 in Throwing
  9341 | Lair:2   | Found a hole to the Spider Nest.
  9415 | Lair:2   | 9415 ||| Stepping ~*~*~tactically~*~*~ (stealth).
  9417 | Lair:2   | 9417 ||| INVOKING Fiery Armour.
  9420 | Lair:2   | 9420 ||| Stepping ~*~*~tactically~*~*~ (outnumbered).
  9425 | Lair:2   | 9425 ||| Stepping ~*~*~tactically~*~*~ (outnumbered).
  9483 | Lair:2   | 9483 ||| FLEEEEING.
  9484 | Lair:2   | 9484 ||| FLEEEEING.
  9485 | Lair:2   | 9485 ||| FLEEEEING.
  9488 | Lair:2   | 9488 ||| FLEEEEING.
  9489 | Lair:2   | 9489 ||| FLEEEEING.
  9490 | Lair:2   | 9490 ||| FLEEEEING.
  9492 | Lair:2   | 9492 ||| FLEEEEING.
  9493 | Lair:2   | 9493 ||| FLEEEEING.
  9494 | Lair:2   | 9494 ||| FLEEEEING.
  9495 | Lair:2   | 9495 ||| FLEEEEING.
  9496 | Lair:2   | 9496 ||| FLEEEEING.
  9497 | Lair:2   | 9497 ||| FLEEEEING.
  9498 | Lair:2   | 9498 ||| STAIRDANCE
  9600 | Lair:1   | 9600 ||| UPGRADING to scarf of repulsion.
  9610 | Lair:1   | 9610 ||| READING 3 scrolls of identify.
  9610 | Lair:1   | 9610 ||| IDENTIFYING viscous red potion
  9611 | Lair:1   | 9611 ||| DROPPING potion of ambrosia.
  9613 | Lair:2   | Noticed a four-headed hydra
  9614 | Lair:2   | 9614 ||| STAIRDANCE
  9655 | Lair:2   | 9655 ||| INVOKING Fiery Armour.
  9657 | Lair:2   | Killed a six-headed hydra
 10028 | Lair:2   | 10028 ||| READING scroll labelled WIOSKE BEDODGH.
 10038 | Lair:3   | Noticed a boulder beetle
 10039 | Lair:3   | 10039 ||| INVOKING Fiery Armour.
 10048 | Lair:3   | Killed a boulder beetle
 10049 | Lair:3   | Reached skill level 17 in Unarmed Combat
 10049 | Lair:3   | 10049 ||| STAIRDANCE
 10091 | Lair:3   | Reached XP level 12. HP: 116/118 MP: 12/12
 10144 | Lair:3   | 10144 ||| Stepping ~*~*~tactically~*~*~ (stealth).
 10154 | Lair:3   | 10154 ||| Stepping ~*~*~tactically~*~*~ (outnumbered).
 10155 | Lair:3   | 10155 ||| Stepping ~*~*~tactically~*~*~ (outnumbered).
 10156 | Lair:3   | 10156 ||| Stepping ~*~*~tactically~*~*~ (outnumbered).
 10157 | Lair:3   | 10157 ||| Stepping ~*~*~tactically~*~*~ (outnumbered).
 10158 | Lair:3   | 10158 ||| Stepping ~*~*~tactically~*~*~ (outnumbered).
 10159 | Lair:3   | 10159 ||| Stepping ~*~*~tactically~*~*~ (outnumbered).
 10168 | Lair:3   | 10168 ||| FLEEEEING.
 10169 | Lair:3   | 10169 ||| FLEEEEING.
 10170 | Lair:3   | 10170 ||| FLEEEEING.
 10171 | Lair:3   | 10171 ||| FLEEEEING.
 10172 | Lair:3   | 10172 ||| FLEEEEING.
 10257 | Lair:3   | 10257 ||| Stepping ~*~*~tactically~*~*~ (outnumbered).
 10258 | Lair:3   | 10258 ||| Stepping ~*~*~tactically~*~*~ (outnumbered).
 10740 | Lair:3   | Noticed a seven-headed hydra
 10741 | Lair:3   | 10741 ||| INVOKING Fiery Armour.
 10747 | Lair:3   | Killed a nine-headed hydra
 10748 | Lair:3   | Reached skill level 18 in Unarmed Combat
 10793 | Lair:3   | 10793 ||| PLANNING TEMPLE
 10793 | Lair:3   | 10793 ||| READING scroll labelled SIANAC IXEFF.
 10794 | Lair:3   | 10794 ||| READING scroll labelled WOBUOM XIZECWEY.
 11100 | Temple   | Entered the Ecumenical Temple
 11137 | Temple   | 11137 ||| PLANNING LAIR
 11682 | Lair:4   | 11682 ||| Stepping ~*~*~tactically~*~*~ (outnumbered).
 11683 | Lair:4   | 11683 ||| Stepping ~*~*~tactically~*~*~ (outnumbered).
 11684 | Lair:4   | 11684 ||| Stepping ~*~*~tactically~*~*~ (outnumbered).
 11685 | Lair:4   | 11685 ||| Stepping ~*~*~tactically~*~*~ (outnumbered).
 11686 | Lair:4   | 11686 ||| Stepping ~*~*~tactically~*~*~ (outnumbered).
 11687 | Lair:4   | 11687 ||| Stepping ~*~*~tactically~*~*~ (outnumbered).
 11690 | Lair:4   | 11690 ||| Stepping ~*~*~tactically~*~*~ (outnumbered).
 11691 | Lair:4   | 11691 ||| Stepping ~*~*~tactically~*~*~ (outnumbered).
 11693 | Lair:4   | 11693 ||| FLEEEEING.
 11839 | Lair:4   | 11839 ||| Stepping ~*~*~tactically~*~*~ (outnumbered).
 11840 | Lair:4   | 11840 ||| Stepping ~*~*~tactically~*~*~ (outnumbered).
 11841 | Lair:4   | 11841 ||| Stepping ~*~*~tactically~*~*~ (outnumbered).
 11842 | Lair:4   | 11842 ||| Stepping ~*~*~tactically~*~*~ (outnumbered).
 11843 | Lair:4   | 11843 ||| Stepping ~*~*~tactically~*~*~ (outnumbered).
 11845 | Lair:4   | 11845 ||| Stepping ~*~*~tactically~*~*~ (outnumbered).
 11846 | Lair:4   | 11846 ||| Stepping ~*~*~tactically~*~*~ (outnumbered).
 11847 | Lair:4   | 11847 ||| Stepping ~*~*~tactically~*~*~ (outnumbered).
 11848 | Lair:4   | 11848 ||| Stepping ~*~*~tactically~*~*~ (outnumbered).
 11849 | Lair:4   | 11849 ||| Stepping ~*~*~tactically~*~*~ (outnumbered).
 11850 | Lair:4   | 11850 ||| Stepping ~*~*~tactically~*~*~ (outnumbered).
 11851 | Lair:4   | 11851 ||| Stepping ~*~*~tactically~*~*~ (outnumbered).
 11852 | Lair:4   | 11852 ||| Stepping ~*~*~tactically~*~*~ (outnumbered).
 11853 | Lair:4   | 11853 ||| Stepping ~*~*~tactically~*~*~ (outnumbered).
 11854 | Lair:4   | 11854 ||| Stepping ~*~*~tactically~*~*~ (outnumbered).
 11855 | Lair:4   | 11855 ||| Stepping ~*~*~tactically~*~*~ (outnumbered).
 11860 | Lair:4   | 11860 ||| Stepping ~*~*~tactically~*~*~ (outnumbered).
 11861 | Lair:4   | 11861 ||| Stepping ~*~*~tactically~*~*~ (outnumbered).
 11862 | Lair:4   | 11862 ||| Stepping ~*~*~tactically~*~*~ (outnumbered).
 11863 | Lair:4   | 11863 ||| Stepping ~*~*~tactically~*~*~ (outnumbered).
 11864 | Lair:4   | 11864 ||| Stepping ~*~*~tactically~*~*~ (outnumbered).
 11865 | Lair:4   | 11865 ||| Stepping ~*~*~tactically~*~*~ (outnumbered).
 11866 | Lair:4   | 11866 ||| Stepping ~*~*~tactically~*~*~ (outnumbered).
 11867 | Lair:4   | 11867 ||| Stepping ~*~*~tactically~*~*~ (outnumbered).
 12011 | Lair:4   | Identified the +4 flail of Disaster {drain, *Corrode rPois
                  | rF- Str+10}
 12204 | Lair:4   | Found a viscous altar of Jiyva.
 12205 | Lair:4   | Found a staircase to the Slime Pits.
 12427 | Lair:5   | Entered Level 5 of the Lair of Beasts
 12427 | Lair:5   | Noticed Snorg
 12430 | Lair:5   | 12430 ||| STAIRDANCE
 12435 | Lair:5   | Noticed an eight-headed hydra
 12436 | Lair:5   | 12436 ||| STAIRDANCE
 12444 | Lair:4   | Killed Snorg
 12500 | Lair:5   | Noticed a five-headed hydra
 12501 | Lair:5   | 12501 ||| STAIRDANCE
 12503 | Lair:4   | 12503 ||| Stepping ~*~*~tactically~*~*~ (outnumbered).
 12504 | Lair:4   | 12504 ||| Stepping ~*~*~tactically~*~*~ (outnumbered).
 12504 | Lair:4   | HP: 28/119 [eight-headed hydra (8)]
 12505 | Lair:4   | 12505 ||| READING 9 scrolls of teleportation.
 12505 | Lair:4   | HP: 13/119 [eight-headed hydra (5)]
 12505 | Lair:4   | HP: 5/119 [eight-headed hydra (8)]
 12505 | Lair:4   | HP: 1/119 [eight-headed hydra (4)]
 12506 | Lair:4   | 12506 ||| DRINKING 3 potions of heal wounds.
 12506 | Lair:4   | Slain by an eight-headed hydra

Levels and vault maps discovered:
D:1:      tarquinn_simple_flora_water_b, layout_loops_corners,
          nrook_loot_triangle
D:2:      layout_rooms, uniq_jessica
D:3:      layout_basic, kennysheep_orc_chapel
D:4:      minmay_general_purpose_star, layout_layer_cave, uniq_pikel
D:5:      layout_basic, uniq_crazy_yiuf_cottage
D:6:      layout_cave_pools, gammafunk_ghost_cemetery, eino_tiny_chamber,
          nicolae_water_bricks, uniq_blork_the_orc
D:7:      layout_cave_pods, minmay_temple_entry_oklob,
          nicolae_ossuary_entry_monument
D:8:      argonaut_augean_stables, layout_basic, grunt_lair_entry_orc_guard_hut,
          minmay_shop_grid_forest, dilly_guarded_unrand_morg, uniq_psyche
Temple:   nicolae_temple_ecumenical_triangle
Lair:1:   layout_regular_city
Lair:2:   layout_gridlike, minmay_swamp_entry_worms, spider_nest_entry_a,
          nicolae_quartered_pool_super
Lair:3:   layout_cave_pods, serial_bayou_pond_c
Lair:4:   layout_big_grid, slime_entry_1, serial_rivers,
          chequers_serial_rivers_micro_b, chequers_serial_rivers_micro_c,
          chequers_serial_rivers_micro_b, chequers_serial_rivers_micro_a,
          chequers_serial_rivers_marsh, chequers_serial_rivers_small_3
Lair:5:   hangedman_lair_caniforms_friends, layout_regular_city,
          guppyfry_lair_end_dragon, minmay_lindwurm_lava, uniq_urug, uniq_snorg

Skill      XL: |  1  2  3  4  5  6  7  8  9 10 11 12 |
---------------+-------------------------------------+-----
Unarmed Combat | 4 5 6 8 10 13 15 17 18 | 18.7
Fighting       | 5 6 7 8 |  8.0
Dodging        | 1 2 |  2.1
Armour         | 1 2 3 |  3.3
Throwing       | 2 |  2.1
Spellcasting   | |  1.0
Fire Magic     | |  2.1

Action                   |  1- 3 |  4- 6 |  7- 9 | 10-12 || total
-------------------------+-------+-------+-------+-------++-------
Melee: Unarmed           |   107 |   100 |   279 |   410 ||   896
       Punch             |     2 |     2 |     9 |    39 ||    52
Throw: Boomerang         |       |     5 |    17 |    57 ||    79
Invok: Fiery Armour      |       |     1 |     5 |     7 ||    13
  Use: Scroll            |     3 |     5 |    14 |    11 ||    33
       Potion            |     2 |       |     6 |     2 ||    10
Armor: Robe              |    33 |    25 |    68 |    23 ||   149
       Acid dragon scale |       |       |       |   152 ||   152
Dodge: Dodged            |    33 |    27 |    77 |   128 ||   265
       Repelled          |       |       |       |     2 ||     2
Block: Other             |       |    13 |    45 |    75 ||   133
       Reflection        |       |     1 |       |     1 ||     2

Table legend:
 A = Non-vault XP
 B = Vault XP
 C = Vault XP percentage of total XP
 D = Non-vault monster count
 E = Vault monster count
 F = Vault count percentage of total count
                 A         B        C        D         E       F
            +---------+---------+-------+---------+---------+-------
      Total |   25799 |    8701 |  25.2 |     244 |      63 |  20.5
            +---------+---------+-------+---------+---------+-------
        D:1 |      34 |       0 |   0.0 |      18 |       0 |   0.0
        D:2 |      61 |      37 |  37.8 |      21 |       1 |   4.5
        D:3 |     265 |     123 |  31.7 |      22 |       5 |  18.5
        D:4 |     190 |     708 |  78.8 |      12 |       5 |  29.4
        D:5 |     387 |       0 |   0.0 |      13 |       0 |   0.0
        D:6 |     575 |     100 |  14.8 |       9 |       1 |  10.0
        D:7 |    1550 |     375 |  19.5 |      35 |       3 |   7.9
        D:8 |    1113 |    5028 |  81.9 |      29 |      25 |  46.3
     Lair:1 |    4442 |       0 |   0.0 |      18 |       0 |   0.0
     Lair:2 |    4431 |    1242 |  21.9 |      20 |       6 |  23.1
     Lair:3 |    7030 |       0 |   0.0 |      24 |       0 |   0.0
     Lair:4 |    5721 |     936 |  14.1 |      23 |       1 |   4.2
    Ossuary |       0 |     152 | 100.0 |       0 |      16 | 100.0
            +---------+---------+-------+---------+---------+-------
